Penguins vs Stars
(R1)
Created - 16 mars 2017 at 21:39
Goals
|
| Penguins |
1 |
2 |
0 |
3 |
| Stars |
0 |
4 |
1 |
5 |
|
Shots
|
| Penguins |
7 |
10 |
6 |
23 |
| Stars |
8 |
17 |
9 |
34 |
|
1st period
1. Penguins , Steven Stamkos 45 (Bobby Ryan, Max Pacioretty) at 15:09 (PP)
Penalties :
Brayden Schenn (Pit) for Holding (Minor) at 3:47, Derek Joslin (Pit) for Slashing (Double Minor) at 6:35, Paul Martin (Dal) for Roughing (Minor) at 14:53, Brian Lee (Dal) for Hooking (Minor) at 15:18
2nd period
2. Stars , Michael Frolik 17 (Trevor Daley, Ryan Getzlaf) at 5:32
3. Penguins , Paul Ranger 2 (Nathan Horton, Brian Elliott) at 6:29 (PP)
4. Stars , John Tavares 36 (Trevor Daley, Brian Lee) at 11:25
5. Stars , John Tavares 37 (Trevor Daley, Brian Lee) at 13:24 (PP)
6. Penguins , Steven Stamkos 46 (Bobby Ryan) at 14:59
7. Stars , Michael Frolik 18 (Scottie Upshall, Trevor Daley) at 15:35
Penalties :
Shaone Morrisonn (Dal) for Delaying the game (Minor) at 1:27, Brian Lee (Dal) for Tripping (Minor) at 2:41, Evgeny Artyukhin (Dal) for Hooking (Minor) at 5:57, Trevor Daley (Dal) for Hooking (Minor) at 6:36, Nikita Alexeev (Pit) for Tripping (Minor) at 13:09, Nathan Horton (Pit) for Tripping (Minor) at 16:18
3rd period
8. Stars , Scott Hartnell 21 (Brian Lee) at 19:31 (Empty Net)
Penalties :
John Tavares (Dal) for Interference (Minor) at 1:06, Sam Gagner (Pit) for Holding (Minor) at 3:38, Max Pacioretty (Pit) for Hooking (Minor) at 8:26, Brian McGrattan (Pit) for Delaying the game (Minor) at 14:35, Josef Vasicek (Pit) for Hooking (Minor) at 19:48
Goalie Stats
Brian Elliott (Pit), 29 saves from 33 shots - (0,879), L, 35-11-2, 59:26 minutes
Pascal Leclaire (Dal), 20 saves from 23 shots - (0,870), W, 20-19-1, 60:00 minutes
Players Stats for Penguins
Player Name G A P +/- PIM S H SB GA TA FO MP PP MP PK MP
------------------------------------------------------------------------------------
Bobby Ryan 0 2 2 1 0 5 4 0 1 0 2/2 21:48 5:24 4:28
Brayden Schenn 0 0 0 0 2 1 1 0 0 1 3/9 13:14 0:00 5:55
Brian McGrattan 0 0 0 -1 2 0 1 1 0 0 0/0 9:07 0:05 0:43
Derek Joslin 0 0 0 -2 4 1 2 0 0 1 0/0 18:09 1:56 3:22
Dion Phaneuf 0 0 0 0 0 0 0 0 0 0 0/0 0:48 0:00 0:00
Duncan Keith 0 0 0 0 0 0 0 2 1 1 0/0 25:57 2:57 5:25
Dustin Penner 0 0 0 -1 0 2 0 0 0 1 0/0 11:45 0:01 3:07
Josef Vasicek 0 0 0 -2 2 2 0 1 0 0 5/8 14:34 0:00 5:13
Luke Schenn 0 0 0 -1 0 1 3 1 2 1 0/0 22:58 2:57 8:14
Max Pacioretty 0 1 1 0 2 0 0 0 0 0 1/1 18:34 5:28 0:26
Nathan Horton 0 1 1 -2 2 1 1 0 0 0 0/1 18:39 4:29 6:19
Nikita Alexeev 0 0 0 0 2 0 0 0 0 0 0/0 6:13 0:00 0:00
Paul Ranger 1 0 1 -2 0 1 2 1 0 0 0/0 19:33 5:05 1:47
Sam Gagner 0 0 0 -2 2 2 0 0 0 0 7/10 16:02 4:29 3:20
Sean Zimmerman 0 0 0 -1 0 0 1 2 0 2 0/0 30:20 7:01 8:26
Simon Gagné 0 0 0 -2 0 1 1 1 0 0 0/0 12:25 4:29 0:00
Steve Sullivan 0 0 0 0 0 1 0 0 0 0 0/0 6:14 0:00 0:00
Steven Stamkos 2 0 2 0 0 5 0 0 2 0 11/26 19:12 5:29 0:35
Players Stats for Stars
Player Name G A P +/- PIM S H SB GA TA FO MP PP MP PK MP
------------------------------------------------------------------------------------
Andrei Markov 0 0 0 0 0 0 2 1 0 0 0/0 16:15 0:38 6:06
Brian Lee 0 3 3 4 4 3 1 1 1 0 0/0 24:38 7:16 2:14
Chris Kunitz 0 0 0 -1 0 0 1 0 0 0 0/0 13:31 1:12 5:01
Evgeny Artyukhin 0 0 0 0 2 1 1 0 0 0 0/0 9:24 1:13 0:00
John Tavares 2 0 2 2 2 6 1 0 2 1 14/26 20:11 7:34 1:16
Johnny Oduya 0 0 0 0 0 2 1 1 0 1 0/0 20:41 6:28 2:13
Marcus Kruger 0 0 0 -1 0 0 0 0 0 0 1/3 8:48 0:28 2:48
Michael Frolik 2 0 2 2 0 4 2 0 0 0 1/1 14:43 5:34 0:00
Michal Handzus 0 0 0 0 0 2 2 1 0 0 5/13 14:54 0:00 5:39
Paul Martin 0 0 0 -1 2 3 2 1 0 1 0/0 22:26 6:26 4:35
Peter Worrell 0 0 0 0 0 2 1 0 0 2 0/0 9:44 0:00 1:29
Radim Vrbata 0 0 0 2 0 1 2 0 0 1 0/1 18:27 7:33 0:00
Ryan Getzlaf 0 1 1 2 0 1 2 0 0 0 6/10 15:09 5:34 0:15
Scott Hartnell 1 0 1 2 0 7 2 0 1 0 1/3 18:17 7:34 0:00
Scottie Upshall 0 1 1 2 0 0 4 1 0 0 0/0 14:41 5:34 0:00
Shaone Morrisonn 0 0 0 0 2 0 1 1 1 0 0/0 15:11 0:36 5:05
T.J. Oshie 0 0 0 -1 0 2 1 0 0 0 0/0 9:42 0:44 2:25
Trevor Daley 0 4 4 3 2 0 1 0 2 0 0/0 22:28 7:16 0:00
3 Stars
1 - Michael Frolik (Dal)
2 - Trevor Daley (Dal)
3 - John Tavares (Dal)
Power Play
Penguins - 2 on 7 Attempt(s) - 28,57%
Stars - 1 on 9 Attempt(s) - 11,11%
Penalty Kill
Penguins - 8 on 9 Attempt(s) - 88,89%
- Score 0 goal in Penalty Kill
Stars - 5 on 7 Attempt(s) - 71,43%
- Score 0 goal in Penalty Kill
Team Stat
Penguins - Hits : 16 - Faceoff Wins : 29 - Blocked Shots : 9 - Penalty Minutes : 18
Stars - Hits : 27 - Faceoff Wins : 28 - Blocked Shots : 7 - Penalty Minutes : 14
Official
Referees : Auger Stephane and Sutherland Kelly
Linesman : David Brisebois and Brad Kovachik
Game Notes
Dion Phaneuf is injured at 3:00 of 1st period (Torn Left Knee Ligaments)
Scott Hartnell has scored in a empty net!
Finance
Level 1 -- Attendance: 6000 (100,00%) -- Ticket Income 420 000 $
Level 2 -- Attendance: 4980 (99,60%) -- Ticket Income 249 000 $
Level 3 -- Attendance: 1298 (64,90%) -- Ticket Income 51 920 $
Level 4 -- Attendance: 2639 (65,98%) -- Ticket Income 79 170 $
Luxury Box -- Attendance: 1000 (100,00%) -- Ticket Income 120 000 $
Game was played at the American Airlines Center.
Total Attendance: 15917 (88,43%)
Total Ticket Income: 920 090 $
Other Income: 138 014 $
Total Income: 1 058 104 $
Penguins
5 vs 5 Forward
Center Left Wing Right Wing Time % Phy DF OF
1 Steven Stamkos Max Pacioretty Bobby Ryan 40 0 2 3
2 Sam Gagner Simon Gagné Nathan Horton 30 0 2 3
3 Josef Vasicek Dustin Penner Brian McGrattan 20 0 2 3
4 Brayden Schenn Steve Sullivan Nikita Alexeev 10 0 2 3
5 vs 5 Defense
Defense Defense Time % Phy DF OF
1 Sean Zimmerman Dion Phaneuf 45 1 2 2
2 Luke Schenn Duncan Keith 33 1 2 2
3 Paul Ranger Derek Joslin 22 1 2 2
4 Luke Schenn Dion Phaneuf 0 1 2 2
PowerPlay Forward
Center Left Wing Right Wing Time % Phy DF OF
1 Steven Stamkos Max Pacioretty Bobby Ryan 60 0 1 4
2 Sam Gagner Simon Gagné Nathan Horton 40 0 1 4
PowerPlay Defense
Defense Defense Time % Phy DF OF
1 Sean Zimmerman Dion Phaneuf 60 0 2 3
2 Luke Schenn Duncan Keith 40 0 2 3
Penalty Kill 4 Players Forward
Center Wing Time % Phy DF OF
1 Brayden Schenn Nathan Horton 60 0 4 1
2 Josef Vasicek Bobby Ryan 40 0 4 1
Penalty Kill 4 Players Defense
Defense Defense Time % Phy DF OF
1 Sean Zimmerman Dion Phaneuf 60 1 4 0
2 Luke Schenn Duncan Keith 40 1 4 0
Penalty Kill - 3 Players Forward
Forward Time % Phy DF OF
1 Nathan Horton 60 0 4 1
2 Bobby Ryan 40 0 4 1
Penalty Kill - 3 Players Defense
Defense Defense Time % Phy DF OF
1 Sean Zimmerman Dion Phaneuf 60 1 4 0
2 Luke Schenn Duncan Keith 40 1 4 0
4 vs 4 Forward
Center Wing Time % Phy DF OF
1 Steven Stamkos Bobby Ryan 60 0 2 3
2 Sam Gagner Nathan Horton 40 0 2 3
4 vs 4 Defense
Defense Defense Time % Phy DF OF
1 Sean Zimmerman Dion Phaneuf 60 1 2 2
2 Luke Schenn Duncan Keith 40 1 2 2
Last Minutes Offensive
Center Left Wing Right Wing Defense Defense
Steven Stamkos Max Pacioretty Bobby Ryan Sean Zimmerman Dion Phaneuf
Last Minutes Defensive
Center Left Wing Right Wing Defense Defense
Brayden Schenn Simon Gagné Nathan Horton Sean Zimmerman Dion Phaneuf
Goaltenders
Starting : Brian Elliott
Backup : Josh Tordjman
Extra Forwards
Normal : Steven Stamkos, Sam Gagner, Josef Vasicek - PP : Steven Stamkos, Sam Gagner - PK : Nathan Horton
Extra Defensemen
Normal : Dion Phaneuf, Duncan Keith, Paul Ranger - PP : Paul Ranger - PK : Sean Zimmerman, Luke Schenn
Penalty Shots
Max Pacioretty, Bobby Ryan, Nathan Horton, Steven Stamkos, Simon Gagné
Stars
5 vs 5 Forward
Center Left Wing Right Wing Time % Phy DF OF
1 John Tavares Scott Hartnell Radim Vrbata 38 0 2 3
2 Ryan Getzlaf Scottie Upshall Michael Frolik 30 1 2 2
3 Michal Handzus Peter Worrell Evgeny Artyukhin 20 1 2 2
4 Marcus Kruger Chris Kunitz T.J. Oshie 12 1 2 2
5 vs 5 Defense
Defense Defense Time % Phy DF OF
1 Brian Lee Trevor Daley 40 1 2 2
2 Paul Martin Johnny Oduya 33 1 2 2
3 Andrei Markov Shaone Morrisonn 20 1 3 1
4 Andrei Markov Shaone Morrisonn 7 1 3 1
PowerPlay Forward
Center Left Wing Right Wing Time % Phy DF OF
1 John Tavares Scott Hartnell Radim Vrbata 60 0 1 4
2 Ryan Getzlaf Scottie Upshall Michael Frolik 40 0 2 3
PowerPlay Defense
Defense Defense Time % Phy DF OF
1 Brian Lee Trevor Daley 60 0 2 3
2 Paul Martin Johnny Oduya 40 0 2 3
Penalty Kill 4 Players Forward
Center Wing Time % Phy DF OF
1 Michal Handzus Chris Kunitz 60 0 3 2
2 Marcus Kruger T.J. Oshie 40 0 3 2
Penalty Kill 4 Players Defense
Defense Defense Time % Phy DF OF
1 Andrei Markov Shaone Morrisonn 60 1 3 1
2 Paul Martin Brian Lee 40 1 3 1
Penalty Kill - 3 Players Forward
Forward Time % Phy DF OF
1 Michal Handzus 60 0 3 2
2 T.J. Oshie 40 0 3 2
Penalty Kill - 3 Players Defense
Defense Defense Time % Phy DF OF
1 Brian Lee Johnny Oduya 60 0 4 1
2 Paul Martin Trevor Daley 40 0 4 1
4 vs 4 Forward
Center Wing Time % Phy DF OF
1 John Tavares Scott Hartnell 60 1 2 2
2 Ryan Getzlaf Radim Vrbata 40 1 2 2
4 vs 4 Defense
Defense Defense Time % Phy DF OF
1 Brian Lee Johnny Oduya 60 1 2 2
2 Paul Martin Trevor Daley 40 1 2 2
Last Minutes Offensive
Center Left Wing Right Wing Defense Defense
John Tavares Scott Hartnell Radim Vrbata Brian Lee Johnny Oduya
Last Minutes Defensive
Center Left Wing Right Wing Defense Defense
John Tavares Scott Hartnell Radim Vrbata Brian Lee Johnny Oduya
Goaltenders
Starting : Pascal Leclaire
Backup : Miika Kiprusoff
Extra Forwards
Normal : Evgeny Artyukhin, Scottie Upshall, Michal Handzus - PP : Evgeny Artyukhin, Scottie Upshall - PK : Michal Handzus
Extra Defensemen
Normal : Andrei Markov, Shaone Morrisonn, Paul Martin - PP : Andrei Markov - PK : Shaone Morrisonn, Paul Martin
Penalty Shots
John Tavares, Scott Hartnell, Peter Worrell, Radim Vrbata, Ryan Getzlaf
% Time on Ice - Penguins
Lines # - Real PCT - Wanted PCT - Time Play
Normal Forward
1 - 35% - 40% - 12:12
2 - 25% - 30% - 8:40
3 - 23% - 20% - 7:56
4 - 18% - 10% - 6:14
Normal Defense
1 - 47% - 45% - 16:30
2 - 24% - 33% - 8:31
3 - 19% - 22% - 6:45
4 - 9% - 0% - 3:16
PP Forward
1 - 55% - 60% - 5:29
2 - 45% - 40% - 4:29
PP Defense
1 - 70% - 60% - 7:01
2 - 30% - 40% - 2:57
PK Forward
1 - 68% - 60% - 9:49
2 - 32% - 40% - 4:31
PK Defense
1 - 81% - 60% - 11:36
2 - 19% - 40% - 2:44
PK3 Forward
1 - 0% - 60%
2 - 0% - 40%
PK3 Defense
1 - 0% - 60%
2 - 0% - 40%
44 Forward
1 - 0% - 60%
2 - 0% - 40%
44 Defense
1 - 0% - 60%
2 - 0% - 40%
Last Minute Offensive - 0:40
Last Minute Defensive - 0:00
Total
Forward - 60:00
Defense - 60:00
|
% Time on Ice - Stars
Lines # - Real PCT - Wanted PCT - Time Play
Normal Forward
1 - 36% - 38% - 12:45
2 - 29% - 30% - 10:11
3 - 19% - 20% - 6:37
4 - 16% - 12% - 5:26
Normal Defense
1 - 44% - 40% - 15:33
2 - 34% - 33% - 11:44
3 - 20% - 20% - 7:07
4 - 2% - 7% - 0:35
PP Forward
1 - 61% - 60% - 8:46
2 - 39% - 40% - 5:34
PP Defense
1 - 55% - 60% - 7:54
2 - 45% - 40% - 6:26
PK Forward
1 - 74% - 60% - 6:48
2 - 26% - 40% - 2:25
PK Defense
1 - 69% - 60% - 6:19
2 - 31% - 40% - 2:54
PK3 Forward
1 - 100% - 60% - 0:45
2 - 0% - 40% - 0:00
PK3 Defense
1 - 100% - 60% - 0:45
2 - 0% - 40% - 0:00
44 Forward
1 - 0% - 60%
2 - 0% - 40%
44 Defense
1 - 0% - 60%
2 - 0% - 40%
Last Minute Offensive - 0:00
Last Minute Defensive - 0:43
Total
Forward - 60:00
Defense - 60:00
|
Play by Play
1st period
0:01 of 1st period - Steven Stamkos wins face-off versus John Tavares in neutral zone.
0:35 of 1st period - Slapshot by Johnny Oduya.
0:35 of 1st period - Shot Blocked by Sean Zimmerman.
0:37 of 1st period - Wrist shot by Ryan Getzlaf.
0:37 of 1st period - Shot Hit the Post.
0:39 of 1st period - Slapshot by Johnny Oduya.
0:39 of 1st period - Stopped by Brian Elliott without a rebound.
0:40 of 1st period - Josef Vasicek wins face-off versus Michal Handzus in Penguins zone.
0:49 of 1st period - Snap shot by Brian McGrattan.
0:49 of 1st period - Deflect By Dustin Penner.
0:49 of 1st period - Stopped by Pascal Leclaire without a rebound.
0:50 of 1st period - Josef Vasicek wins face-off versus Michal Handzus in Stars zone.
1:03 of 1st period - Snap shot by Peter Worrell.
1:03 of 1st period - Shot Misses the Net.
1:05 of 1st period - Backhand shot by Andrei Markov.
1:05 of 1st period - Deflect By Peter Worrell.
1:05 of 1st period - Stopped by Brian Elliott with a rebound.
1:34 of 1st period - Dustin Penner is hit by Michal Handzus and loses puck.
1:49 of 1st period - Snap shot by Evgeny Artyukhin.
1:49 of 1st period - Stopped by Brian Elliott without a rebound.
1:50 of 1st period - Sam Gagner wins face-off versus Ryan Getzlaf in Penguins zone.
1:50 of 1st period - Sam Gagner is hit by Ryan Getzlaf.
2:00 of 1st period - Slapshot by Nathan Horton.
2:00 of 1st period - Stopped by Pascal Leclaire with a rebound.
2:59 of 1st period - Dion Phaneuf is hit by Brian Lee.
3:00 of 1st period - Dion Phaneuf from Penguins is injured at 3:00 of 1st period (Torn Left Knee Ligaments).
3:01 of 1st period - Steven Stamkos wins face-off versus John Tavares in Penguins zone.
3:47 of 1st period - Minor Penalty to Brayden Schenn for Holding.
3:48 of 1st period - Sam Gagner wins face-off versus John Tavares in Penguins zone.
3:48 of 1st period - Sam Gagner is hit by Scott Hartnell.
4:14 of 1st period - Sean Zimmerman is hit by Scottie Upshall and loses puck.
4:34 of 1st period - Icing by Radim Vrbata.
4:35 of 1st period - John Tavares wins face-off versus Josef Vasicek in Stars zone.
5:21 of 1st period - Snap shot by Sam Gagner.
5:21 of 1st period - Shot Blocked by Paul Martin.
5:47 of 1st period - Penalty to Brayden Schenn is over, Brayden Schenn is back on ice.
5:57 of 1st period - Snap shot by Peter Worrell.
5:57 of 1st period - Stopped by Brian Elliott without a rebound.
5:58 of 1st period - Steven Stamkos wins face-off versus Michal Handzus in Penguins zone.
5:58 of 1st period - Steven Stamkos is hit by Michal Handzus.
6:10 of 1st period - Michal Handzus is hit by Bobby Ryan and loses puck.
6:35 of 1st period - Double Minor Penalty to Derek Joslin for Slashing.
6:36 of 1st period - John Tavares wins face-off versus Nathan Horton in Penguins zone.
6:36 of 1st period - Wrist shot by Radim Vrbata.
6:36 of 1st period - Stopped by Brian Elliott with a rebound.
7:02 of 1st period - Ryan Getzlaf is hit by Sean Zimmerman and loses puck.
8:24 of 1st period - Nathan Horton is hit by Ryan Getzlaf and loses puck.
8:55 of 1st period - Sam Gagner is hit by Paul Martin and loses puck.
10:35 of 1st period - Penalty to Derek Joslin is over, Derek Joslin is back on ice.
10:51 of 1st period - Steven Stamkos is hit by Johnny Oduya and loses puck.
11:53 of 1st period - Icing by Sam Gagner.
11:54 of 1st period - Sam Gagner wins face-off versus Marcus Kruger in Penguins zone.
13:25 of 1st period - Snap shot by Brayden Schenn.
13:25 of 1st period - Stopped by Pascal Leclaire with a rebound.
13:27 of 1st period - Slapshot by Luke Schenn.
13:27 of 1st period - Shot Blocked by Shaone Morrisonn.
13:29 of 1st period - Slapshot by Steve Sullivan.
13:29 of 1st period - Shot Misses the Net.
13:43 of 1st period - Wrist shot by Michal Handzus.
13:43 of 1st period - Stopped by Brian Elliott with a rebound.
13:53 of 1st period - Snap shot by Brayden Schenn.
13:53 of 1st period - Shot Blocked by Michal Handzus.
13:57 of 1st period - Slapshot by Steve Sullivan.
13:57 of 1st period - Stopped by Pascal Leclaire with a rebound.
13:59 of 1st period - Slapshot by Luke Schenn.
13:59 of 1st period - Stopped by Pascal Leclaire without a rebound.
14:00 of 1st period - John Tavares wins face-off versus Steven Stamkos in Stars zone.
14:37 of 1st period - Snap shot by Ryan Getzlaf.
14:37 of 1st period - Shot Blocked by Sean Zimmerman.
14:51 of 1st period - Wrist shot by Dustin Penner.
14:51 of 1st period - Shot Blocked by Johnny Oduya.
14:53 of 1st period - Minor Penalty to Paul Martin for Roughing.
14:54 of 1st period - Steven Stamkos wins face-off versus Michal Handzus in Stars zone.
15:09 of 1st period - Snap shot by Steven Stamkos.
15:09 of 1st period - Goal by Steven Stamkos - Penguins : 1 - Stars : 0.
15:10 of 1st period - Steven Stamkos wins face-off versus John Tavares in neutral zone.
15:18 of 1st period - Minor Penalty to Brian Lee for Hooking.
15:19 of 1st period - Michal Handzus wins face-off versus Steven Stamkos in Stars zone.
15:35 of 1st period - Snap shot by Bobby Ryan.
15:35 of 1st period - Shot Blocked by Andrei Markov.
16:41 of 1st period - Steven Stamkos is hit by Peter Worrell and loses puck.
17:18 of 1st period - Penalty to Brian Lee is over, Brian Lee is back on ice.
17:52 of 1st period - Steve Sullivan is hit by Chris Kunitz and loses puck.
18:07 of 1st period - Dustin Penner is hit by John Tavares and loses puck.
18:28 of 1st period - Snap shot by Michael Frolik.
18:28 of 1st period - Stopped by Brian Elliott without a rebound.
18:29 of 1st period - Michael Frolik wins face-off versus Brayden Schenn in Penguins zone.
18:36 of 1st period - Wrist shot by Scottie Upshall.
18:36 of 1st period - Shot Misses the Net.
19:39 of 1st period - Slapshot by Simon Gagné.
19:39 of 1st period - Shot Misses the Net.
19:41 of 1st period - Slapshot by Derek Joslin.
19:41 of 1st period - Deflect By John Tavares.
19:41 of 1st period - Stopped by Pascal Leclaire without a rebound.
19:42 of 1st period - Scott Hartnell wins face-off versus Steven Stamkos in Stars zone.
19:47 of 1st period - Backhand shot by Brian Lee.
19:47 of 1st period - Shot Misses the Net.
19:49 of 1st period - Slapshot by John Tavares.
19:49 of 1st period - Stopped by Brian Elliott without a rebound.
19:50 of 1st period - Ryan Getzlaf wins face-off versus Steven Stamkos in Penguins zone.
Goals for this period are 1 for Penguins vs 0 for Stars.
Shots for this period are 7 for Penguins vs 8 for Stars.
2nd period
0:01 of 2nd period - John Tavares wins face-off versus Steven Stamkos in neutral zone.
0:04 of 2nd period - Snap shot by Brian Lee.
0:04 of 2nd period - Shot Blocked by Duncan Keith.
0:06 of 2nd period - Slapshot by Brian Lee.
0:06 of 2nd period - Deflect By Scott Hartnell.
0:06 of 2nd period - Stopped by Brian Elliott with a rebound.
0:08 of 2nd period - Slapshot by Brian Lee.
0:08 of 2nd period - Shot Hit the Post.
0:10 of 2nd period - Slapshot by Brian Lee.
0:10 of 2nd period - Deflect By Bobby Ryan.
0:10 of 2nd period - Stopped by Brian Elliott with a rebound.
0:12 of 2nd period - Snap shot by Scott Hartnell.
0:12 of 2nd period - Deflect By Steven Stamkos.
0:12 of 2nd period - Stopped by Brian Elliott without a rebound.
0:13 of 2nd period - Steven Stamkos wins face-off versus John Tavares in Penguins zone.
0:30 of 2nd period - Wrist shot by John Tavares.
0:30 of 2nd period - Stopped by Brian Elliott with a rebound.
0:42 of 2nd period - Michael Frolik is hit by Nathan Horton and loses puck.
0:51 of 2nd period - Simon Gagné is hit by Scottie Upshall and loses puck.
1:18 of 2nd period - Snap shot by Sam Gagner.
1:18 of 2nd period - Deflect By Johnny Oduya.
1:18 of 2nd period - Stopped by Pascal Leclaire without a rebound.
1:19 of 2nd period - Steven Stamkos wins face-off versus Marcus Kruger in Stars zone.
1:27 of 2nd period - Minor Penalty to Shaone Morrisonn for Delaying the game.
1:28 of 2nd period - Bobby Ryan wins face-off versus Michal Handzus in Stars zone.
2:18 of 2nd period - Bobby Ryan is hit by Andrei Markov and loses puck.
2:23 of 2nd period - Snap shot by T.J. Oshie.
2:23 of 2nd period - Stopped by Brian Elliott without a rebound.
2:24 of 2nd period - Marcus Kruger wins face-off versus Sam Gagner in Penguins zone.
2:41 of 2nd period - Minor Penalty to Brian Lee for Tripping.
2:42 of 2nd period - Michal Handzus wins face-off versus Steven Stamkos in Stars zone.
2:42 of 2nd period - Michal Handzus is hit by Bobby Ryan.
2:54 of 2nd period - Snap shot by Steven Stamkos.
2:54 of 2nd period - Shot Misses the Net.
2:56 of 2nd period - Snap shot by Bobby Ryan.
2:56 of 2nd period - Stopped by Pascal Leclaire with a rebound.
2:58 of 2nd period - Snap shot by Sean Zimmerman.
2:58 of 2nd period - Shot Misses the Net.
3:11 of 2nd period - Icing by Simon Gagné.
3:12 of 2nd period - Sam Gagner wins face-off versus Michal Handzus in Penguins zone.
3:27 of 2nd period - Penalty to Shaone Morrisonn is over, Shaone Morrisonn is back on ice.
3:37 of 2nd period - Slapshot by Sean Zimmerman.
3:37 of 2nd period - Shot Misses the Net.
4:11 of 2nd period - Max Pacioretty is hit by Andrei Markov and loses puck.
4:18 of 2nd period - Shaone Morrisonn is hit by Bobby Ryan.
4:24 of 2nd period - Snap shot by John Tavares.
4:24 of 2nd period - Shot Blocked by Simon Gagné.
4:41 of 2nd period - Penalty to Brian Lee is over, Brian Lee is back on ice.
4:54 of 2nd period - Wrist shot by Michael Frolik.
4:54 of 2nd period - Shot Blocked by Duncan Keith.
4:56 of 2nd period - Slapshot by Paul Martin.
4:56 of 2nd period - Stopped by Brian Elliott without a rebound.
4:57 of 2nd period - Josef Vasicek wins face-off versus Ryan Getzlaf in Penguins zone.
5:14 of 2nd period - Josef Vasicek is hit by Scottie Upshall and loses puck.
5:30 of 2nd period - Snap shot by Michael Frolik.
5:30 of 2nd period - Shot Blocked by Paul Ranger.
5:32 of 2nd period - Slapshot by Trevor Daley.
5:32 of 2nd period - Deflect By Michael Frolik.
5:32 of 2nd period - Goal by Michael Frolik - Penguins : 1 - Stars : 1.
5:33 of 2nd period - John Tavares wins face-off versus Steven Stamkos in neutral zone.
5:57 of 2nd period - Minor Penalty to Evgeny Artyukhin for Hooking.
5:58 of 2nd period - Steven Stamkos wins face-off versus Michal Handzus in Stars zone.
6:29 of 2nd period - Slapshot by Paul Ranger.
6:29 of 2nd period - Goal by Paul Ranger - Penguins : 2 - Stars : 1.
6:30 of 2nd period - Max Pacioretty wins face-off versus John Tavares in neutral zone.
6:36 of 2nd period - Minor Penalty to Trevor Daley for Hooking.
6:37 of 2nd period - Michal Handzus wins face-off versus Steven Stamkos in Stars zone.
8:01 of 2nd period - Shaone Morrisonn is hit by Paul Ranger and loses puck.
8:36 of 2nd period - Penalty to Trevor Daley is over, Trevor Daley is back on ice.
8:44 of 2nd period - Josef Vasicek is hit by Shaone Morrisonn and loses puck.
8:57 of 2nd period - Snap shot by Michal Handzus.
8:57 of 2nd period - Stopped by Brian Elliott with a rebound.
9:20 of 2nd period - Peter Worrell is hit by Derek Joslin and loses puck.
9:29 of 2nd period - Andrei Markov is hit by Brian McGrattan and loses puck.
9:38 of 2nd period - Snap shot by Josef Vasicek.
9:38 of 2nd period - Stopped by Pascal Leclaire with a rebound.
9:40 of 2nd period - Wrist shot by Dustin Penner.
9:40 of 2nd period - Shot Misses the Net.
9:42 of 2nd period - Snap shot by Dustin Penner.
9:42 of 2nd period - Shot Misses the Net.
9:44 of 2nd period - Slapshot by Derek Joslin.
9:44 of 2nd period - Deflect By Josef Vasicek.
9:44 of 2nd period - Stopped by Pascal Leclaire without a rebound.
9:45 of 2nd period - Bobby Ryan wins face-off versus Radim Vrbata in Stars zone.
9:48 of 2nd period - Wrist shot by Bobby Ryan.
9:48 of 2nd period - Stopped by Pascal Leclaire with a rebound.
10:37 of 2nd period - Chris Kunitz is hit by Brayden Schenn and loses puck.
10:57 of 2nd period - Scottie Upshall is hit by Luke Schenn and loses puck.
11:25 of 2nd period - Snap shot by John Tavares.
11:25 of 2nd period - Goal by John Tavares - Penguins : 2 - Stars : 2.
11:26 of 2nd period - Steven Stamkos wins face-off versus John Tavares in neutral zone.
12:10 of 2nd period - Snap shot by Steven Stamkos.
12:10 of 2nd period - Stopped by Pascal Leclaire with a rebound.
12:18 of 2nd period - Wrist shot by Steven Stamkos.
12:18 of 2nd period - Shot Misses the Net.
12:20 of 2nd period - Snap shot by Bobby Ryan.
12:20 of 2nd period - Stopped by Pascal Leclaire without a rebound.
12:21 of 2nd period - Ryan Getzlaf wins face-off versus Sam Gagner in Stars zone.
13:09 of 2nd period - Minor Penalty to Nikita Alexeev for Tripping.
13:10 of 2nd period - Brayden Schenn wins face-off versus John Tavares in Penguins zone.
13:22 of 2nd period - Slapshot by Trevor Daley.
13:22 of 2nd period - Shot Misses the Net.
13:24 of 2nd period - Snap shot by John Tavares.
13:24 of 2nd period - Goal by John Tavares - Penguins : 2 - Stars : 3.
13:25 of 2nd period - John Tavares wins face-off versus Steven Stamkos in neutral zone.
13:42 of 2nd period - Snap shot by Steven Stamkos.
13:42 of 2nd period - Shot Misses the Net.
14:36 of 2nd period - Wrist shot by Scott Hartnell.
14:36 of 2nd period - Stopped by Brian Elliott with a rebound.
14:59 of 2nd period - Slapshot by Steven Stamkos.
14:59 of 2nd period - Goal by Steven Stamkos - Penguins : 3 - Stars : 3.
15:00 of 2nd period - Steven Stamkos wins face-off versus John Tavares in neutral zone.
15:16 of 2nd period - Wrist shot by John Tavares.
15:16 of 2nd period - Shot Misses the Net.
15:35 of 2nd period - Wrist shot by Michael Frolik.
15:35 of 2nd period - Goal by Michael Frolik - Penguins : 3 - Stars : 4.
15:36 of 2nd period - John Tavares wins face-off versus Steven Stamkos in neutral zone.
15:41 of 2nd period - Slapshot by Paul Martin.
15:41 of 2nd period - Stopped by Brian Elliott with a rebound.
16:18 of 2nd period - Minor Penalty to Nathan Horton for Tripping.
16:19 of 2nd period - John Tavares wins face-off versus Brayden Schenn in Penguins zone.
16:46 of 2nd period - Brayden Schenn is hit by Scott Hartnell and loses puck.
17:06 of 2nd period - Snap shot by John Tavares.
17:06 of 2nd period - Stopped by Brian Elliott with a rebound.
17:08 of 2nd period - Wrist shot by Trevor Daley.
17:08 of 2nd period - Shot Misses the Net.
17:32 of 2nd period - Snap shot by Bobby Ryan.
17:32 of 2nd period - Stopped by Pascal Leclaire without a rebound.
17:33 of 2nd period - Ryan Getzlaf wins face-off versus Josef Vasicek in Stars zone.
17:42 of 2nd period - Snap shot by Michael Frolik.
17:42 of 2nd period - Shot Misses the Net.
18:18 of 2nd period - Penalty to Nathan Horton is over, Nathan Horton is back on ice.
18:21 of 2nd period - Nathan Horton is hit by Evgeny Artyukhin and loses puck.
18:27 of 2nd period - Off-side.
18:28 of 2nd period - Michal Handzus wins face-off versus Steven Stamkos in neutral zone.
18:52 of 2nd period - Snap shot by Marcus Kruger.
18:52 of 2nd period - Shot Blocked by Brian McGrattan.
18:54 of 2nd period - Slapshot by Paul Martin.
18:54 of 2nd period - Stopped by Brian Elliott with a rebound.
18:58 of 2nd period - Snap shot by T.J. Oshie.
18:58 of 2nd period - Stopped by Brian Elliott without a rebound.
18:59 of 2nd period - Sam Gagner wins face-off versus Scott Hartnell in Penguins zone.
19:01 of 2nd period - Icing by Simon Gagné.
19:02 of 2nd period - Sam Gagner wins face-off versus John Tavares in Penguins zone.
19:02 of 2nd period - Sam Gagner is hit by Radim Vrbata.
19:27 of 2nd period - Off-side.
19:28 of 2nd period - Steven Stamkos wins face-off versus Ryan Getzlaf in neutral zone.
19:44 of 2nd period - Wrist shot by Bobby Ryan.
19:44 of 2nd period - Shot Misses the Net.
19:58 of 2nd period - Snap shot by Scott Hartnell.
19:58 of 2nd period - Stopped by Brian Elliott with a rebound.
Goals for this period are 2 for Penguins vs 4 for Stars.
Shots for this period are 10 for Penguins vs 17 for Stars.
3rd period
0:01 of 3rd period - John Tavares wins face-off versus Steven Stamkos in neutral zone.
0:06 of 3rd period - Snap shot by Brian Lee.
0:06 of 3rd period - Stopped by Brian Elliott without a rebound.
0:07 of 3rd period - John Tavares wins face-off versus Steven Stamkos in Penguins zone.
0:10 of 3rd period - Wrist shot by John Tavares.
0:10 of 3rd period - Stopped by Brian Elliott with a rebound.
0:28 of 3rd period - Slapshot by Bobby Ryan.
0:28 of 3rd period - Deflect By Brian Lee.
0:28 of 3rd period - Shot Misses the Net.
0:28 of 3rd period - Puck is out of play.
0:29 of 3rd period - Ryan Getzlaf wins face-off versus Sam Gagner in Stars zone.
0:44 of 3rd period - Snap shot by Simon Gagné.
0:44 of 3rd period - Stopped by Pascal Leclaire with a rebound.
1:06 of 3rd period - Minor Penalty to John Tavares for Interference.
1:07 of 3rd period - Michal Handzus wins face-off versus Steven Stamkos in Stars zone.
3:06 of 3rd period - Penalty to John Tavares is over, John Tavares is back on ice.
3:18 of 3rd period - Snap shot by Dustin Penner.
3:18 of 3rd period - Stopped by Pascal Leclaire without a rebound.
3:19 of 3rd period - Josef Vasicek wins face-off versus John Tavares in Stars zone.
3:30 of 3rd period - Snap shot by John Tavares.
3:30 of 3rd period - Shot Misses the Net.
3:32 of 3rd period - Slapshot by Brian Lee.
3:32 of 3rd period - Stopped by Brian Elliott with a rebound.
3:34 of 3rd period - Slapshot by Scott Hartnell.
3:34 of 3rd period - Stopped by Brian Elliott without a rebound.
3:35 of 3rd period - Sam Gagner wins face-off versus Ryan Getzlaf in Penguins zone.
3:35 of 3rd period - Sam Gagner is hit by Michael Frolik.
3:38 of 3rd period - Minor Penalty to Sam Gagner for Holding.
3:39 of 3rd period - Brayden Schenn wins face-off versus John Tavares in Penguins zone.
4:12 of 3rd period - Slapshot by Paul Martin.
4:12 of 3rd period - Shot Blocked by Josef Vasicek.
4:14 of 3rd period - Slapshot by Johnny Oduya.
4:14 of 3rd period - Stopped by Brian Elliott with a rebound.
4:46 of 3rd period - Nathan Horton is hit by Michael Frolik and loses puck.
5:38 of 3rd period - Penalty to Sam Gagner is over, Sam Gagner is back on ice.
5:44 of 3rd period - Nathan Horton is hit by T.J. Oshie and loses puck.
5:57 of 3rd period - Michal Handzus is hit by Luke Schenn.
6:11 of 3rd period - Marcus Kruger is hit by Paul Ranger and loses puck.
7:44 of 3rd period - Scott Hartnell is hit by Simon Gagné and loses puck.
8:01 of 3rd period - Snap shot by Steven Stamkos.
8:01 of 3rd period - Deflect By Bobby Ryan.
8:01 of 3rd period - Stopped by Pascal Leclaire with a rebound.
8:13 of 3rd period - Peter Worrell is hit by Derek Joslin and loses puck.
8:26 of 3rd period - Minor Penalty to Max Pacioretty for Hooking.
8:27 of 3rd period - John Tavares wins face-off versus Brayden Schenn in Penguins zone.
8:48 of 3rd period - Josef Vasicek is hit by Trevor Daley and loses puck.
8:55 of 3rd period - Snap shot by Ryan Getzlaf.
8:55 of 3rd period - Stopped by Brian Elliott without a rebound.
8:56 of 3rd period - Brayden Schenn wins face-off versus Scott Hartnell in Penguins zone.
9:20 of 3rd period - John Tavares is hit by Bobby Ryan and loses puck.
9:29 of 3rd period - Backhand shot by John Tavares.
9:29 of 3rd period - Shot Misses the Net.
9:31 of 3rd period - Slapshot by John Tavares.
9:31 of 3rd period - Deflect By Scott Hartnell.
9:31 of 3rd period - Stopped by Brian Elliott without a rebound.
9:32 of 3rd period - Ryan Getzlaf wins face-off versus Brayden Schenn in Penguins zone.
9:51 of 3rd period - Nathan Horton is hit by Scottie Upshall.
10:17 of 3rd period - Luke Schenn is hit by Radim Vrbata.
10:26 of 3rd period - Penalty to Max Pacioretty is over, Max Pacioretty is back on ice.
10:29 of 3rd period - Slapshot by Max Pacioretty.
10:29 of 3rd period - Shot Blocked by Scottie Upshall.
12:17 of 3rd period - Steve Sullivan is hit by Paul Martin and loses puck.
12:56 of 3rd period - Wrist shot by Steven Stamkos.
12:56 of 3rd period - Stopped by Pascal Leclaire with a rebound.
13:36 of 3rd period - Slapshot by Sam Gagner.
13:36 of 3rd period - Stopped by Pascal Leclaire with a rebound.
14:12 of 3rd period - Snap shot by Michael Frolik.
14:12 of 3rd period - Stopped by Brian Elliott without a rebound.
14:13 of 3rd period - Ryan Getzlaf wins face-off versus Josef Vasicek in Penguins zone.
14:18 of 3rd period - Snap shot by Michael Frolik.
14:18 of 3rd period - Shot Misses the Net.
14:35 of 3rd period - Minor Penalty to Brian McGrattan for Delaying the game.
14:36 of 3rd period - John Tavares wins face-off versus Brayden Schenn in Penguins zone.
14:39 of 3rd period - Snap shot by Radim Vrbata.
14:39 of 3rd period - Shot Blocked by Luke Schenn.
16:35 of 3rd period - Penalty to Brian McGrattan is over, Brian McGrattan is back on ice.
17:54 of 3rd period - John Tavares is hit by Luke Schenn.
18:57 of 3rd period - Penguins, Brian Elliott is pulled from the net.
18:57 of 3rd period - Wrist shot by Steven Stamkos.
18:57 of 3rd period - Stopped by Pascal Leclaire without a rebound.
18:58 of 3rd period - Bryan Murray call a timeout for Penguins.
18:58 of 3rd period - John Tavares wins face-off versus Steven Stamkos in Stars zone.
19:31 of 3rd period - Snap shot by Scott Hartnell.
19:31 of 3rd period - Goal by Scott Hartnell - Penguins : 3 - Stars : 5.
19:31 of 3rd period - Brian Elliott from Penguins was sent back in the game.
19:32 of 3rd period - Josef Vasicek wins face-off versus Michal Handzus in neutral zone.
19:48 of 3rd period - Minor Penalty to Josef Vasicek for Hooking.
19:49 of 3rd period - John Tavares wins face-off versus Brayden Schenn in Penguins zone.
19:59 of 3rd period - Wrist shot by Nathan Horton.
19:59 of 3rd period - Shot Blocked by Brian Lee.
Goals for this period are 0 for Penguins vs 1 for Stars.
Shots for this period are 6 for Penguins vs 9 for Stars.
Back to the Top